 Dungeon Crawl Stone Soup version 0.16.2-2-g470672f (webtiles) character file.

953 RepoMan the Firebug (level 7, -7/46 HPs)
             Began as a Mummy Fire Elementalist on Aug 17, 2015.
             Was a Follower of Ashenzari.
             Mangled by an orc priest
             ... wielding a +0 trident
              (8 damage)
             ... on level 6 of the Dungeon.
             The game lasted 00:38:21 (6811 turns).

RepoMan the Firebug (Mummy Fire Elementalist)       Turns: 6811, Time: 00:38:21

Health: -7/46      AC:  3    Str: 11    XL:     7   Next: 90%
Magic:  3/17       EV: 12    Int: 16    God:    Ashenzari [*.....]
Gold:   256        SH:  0    Dex: 12    Spells: 5 memorised, 1 level left

rFire  x . .     SeeInvis .     h - +0 blowgun
rCold  + . .     Clarity  .     a - +0 robe
rNeg   + + +     SustAb   .     (no shield)
rPois  ∞         Gourm    .     s - +0 helmet
rElec  .         Spirit   .     (no cloak)
rCorr  .         Warding  .     (no gloves)
rMut   .         Stasis   .     (no boots)
MR     .....                    (no amulet)
Stlth  ++........               (no ring)
                                (no ring)

@: very slightly contaminated, not resistant to hostile enchantments, unstealthy
A: no food or potions, fire vulnerability, restore body, cold resistance 1,
negative energy resistance 3, poison resistance, torment resistance, unbreathing
a: Renounce Religion


You were on level 6 of the Dungeon.
You worshipped Ashenzari.
Ashenzari was aware of your devotion.
You were not hungry.

You visited 2 branches of the dungeon, and saw 7 of its levels.

You collected 256 gold pieces.

Inventory:

Hand weapons
 h - a +0 blowgun (weapon)
 p - a +0 quarterstaff
Missiles
 g - 15 poisoned needles
 r - 3 curare-tipped needles (quivered)
Armour
 a - a +0 robe (worn)
 s - a +0 helmet (worn)
Magical devices
 j - a wand of magic darts (24)
Scrolls
 c - 4 scrolls of amnesia {unknown}
 d - a scroll of magic mapping {unknown}
 e - 2 scrolls of enchant armour {unknown}
 f - a scroll of immolation {unknown}
 i - a scroll of enchant weapon {unknown}
 k - 6 scrolls of identify {unknown}
 l - a scroll of teleportation {unknown}
 m - a scroll of remove curse
 n - 3 scrolls of random uselessness {unknown}
 o - a scroll of recharging {unknown}
 q - 3 scrolls of blinking {unknown}
 t - 2 scrolls of noise {unknown}
 u - a scroll of brand weapon {unknown}
Books
 b - a book of Flames

   Spells                             Type                      Level
   a - Flame Tongue                   Conjuration/Fire             1
   b - Throw Flame                    Conjuration/Fire             2
   c - Conjure Flame                  Conjuration/Fire             3
   d - Inner Flame                    Hexes/Fire                   3
   e - Sticky Flame                   Conjuration/Fire             4
   f - Fireball                       Conjuration/Fire             5


   Skills:
 - Level 1.0 Staves
 - Level 1.5 Dodging
 - Level 1.5 Stealth
 + Level 4.3 Spellcasting
 + Level 3.5 Conjurations
 * Level 5.9 Fire Magic


You had one spell level left.
You knew the following spells:

 Your Spells              Type           Power        Failure   Level  Hunger
a - Flame Tongue          Conj/Fire      ###..        2%          1    N/A
b - Throw Flame           Conj/Fire      ###...       4%          2    N/A
c - Conjure Flame         Conj/Fire      ###.....     10%         3    N/A
d - Sticky Flame          Conj/Fire      ###.....     28%         4    N/A
i - Inner Flame           Hex/Fire       ##......     14%         3    N/A

Dungeon Overview and Level Annotations

Branches:
Dungeon (6/15)             Temple (1/1) D:4

Altars:
Ashenzari
Dithmenos
Elyvilon
Fedhas
Gozag
Makhleb
Nemelex Xobeh
Okawaru
Qazlal
Sif Muna
Trog
Vehumet
Yredelemnul
The Shining One

Shops:
D:4 }(=

Annotations:
D:2 1 exclusion, Crazy Yiuf, Sigmund
D:3 Natasha


Innate Abilities, Weirdness & Mutations

You do not eat or drink.
Your flesh is vulnerable to fire.
Your flesh is cold resistant.
You are immune to negative energy.
Your system is resistant to poisons.
You are immune to unholy pain and torment.
You can survive without breathing.


Message History

Press: ? - help, Shift-Dir - straight line, f - orc priest, p - white ugly thing
Aim: an orc priest, wielding a trident and wearing a leather armour You shoot a curare-tipped needle.
The curare-tipped needle barely misses the white ugly thing.
The curare-tipped needle hits the orc priest.
The orc priest is poisoned.
The orc priest convulses.
The orc priest seems to slow down.
The orc priest is heavily wounded.
Firing (i - inventory. (,) - cycle):
r - 4 curare-tipped needles (quivered)
Press: ? - help, Shift-Dir - straight line, f/p - orc priest
Aim: an orc priest, wielding a trident and wearing a leather armour (severely wounded, slow, poisoned, catching its breath)
You shoot a curare-tipped needle.
The curare-tipped needle closely misses the white ugly thing.
The curare-tipped needle closely misses the orc priest.
The white ugly thing punches you!
* * * LOW HITPOINT WARNING * * *
The white ugly thing freezes you! You resist.
* * * LOW HITPOINT WARNING * * *
The orc priest hits you from afar with a trident!
You die...

#.#.........
#.#..##(####
#.#<.>.....#
#.#......#.#
#.#.#.##...#
#.#.#..#...#
#...##.#oo.#
##### [#.#u#
...#@#
##.##§#
#..))#
##.§§§ #...#
##%.. #...
##.. #..


You could see a white ugly thing and an orc priest.

Vanquished Creatures
  A hungry ghost (D:5)
  Menkaure (D:4)
  A sky beast (D:5)
  2 phantoms
  An orc priest (D:5)
  An orc wizard (D:5)
  5 iguanas
  Ijyb (D:3)
  3 gnolls (D:4)
  9 adders
  A worm (D:3)
  6 giant geckos
  3 oozes
  11 orcs
  13 bats
  2 giant cockroaches
  10 goblins
  11 hobgoblins
  9 jackals
  16 kobolds
  3 quokkas
  2 giant newts
  A quokka skeleton (D:4)
  5 rats
118 creatures vanquished.

Notes
Turn   | Place    | Note
--------------------------------------------------------------
     0 | D:1      | RepoMan, the Mummy Fire Elementalist, began the quest for the Orb.
     0 | D:1      | Reached XP level 1. HP: 13/13 MP: 3/3
   444 | D:1      | Reached skill level 1 in Conjurations
   505 | D:1      | Reached XP level 2. HP: 13/19 MP: 1/4
   509 | D:1      | Learned a level 2 spell: Throw Flame
  1142 | D:2      | Noticed Sigmund
  1457 | D:2      | Reached skill level 3 in Fire Magic
  1457 | D:2      | Reached XP level 3. HP: 24/24 MP: 3/6
  1491 | D:2      | Learned a level 3 spell: Conjure Flame
  2053 | D:2      | Noticed Crazy Yiuf
  2515 | D:3      | Noticed Ijyb
  2672 | D:3      | Reached XP level 4. HP: 30/30 MP: 5/8
  2732 | D:3      | Found a stormy altar of Qazlal.
  2740 | D:3      | Found a shattered altar of Ashenzari.
  2740 | D:3      | Found a burning altar of Makhleb.
  2748 | D:3      | Became a worshipper of Ashenzari the Shackled
  2751 | D:3      | Found an iron altar of Okawaru.
  2755 | D:3      | Found a bloodstained altar of Trog.
  3089 | D:3      | Killed Ijyb
  3257 | D:3      | Found a blossoming altar of Fedhas.
  3517 | D:3      | Reached XP level 5. HP: 35/35 MP: 6/9
  3525 | D:3      | Learned a level 3 spell: Inner Flame
  3564 | D:3      | Noticed Natasha
  3925 | D:4      | Found Pusov's Gadget Boutique.
  4004 | D:5      | Entered Level 5 of the Dungeon
  4004 | D:5      | Noticed Menkaure
  4079 | D:4      | Reached skill level 4 in Fire Magic
  4175 | D:4      | Found a staircase to the Ecumenical Temple.
  4270 | Temple   | Entered the Ecumenical Temple
  4369 | D:4      | Reached skill level 1 in Staves
  4926 | D:4      | Found Antomm's Antique Weapon Boutique.
  5089 | D:4      | Found Kliach's Jewellery Emporium.
  5181 | D:4      | Reached XP level 6. HP: 41/41 MP: 8/12
  5400 | D:4      | Noticed a phantom
  5431 | D:4      | Killed a phantom
  5560 | D:4      | Found an opulent altar of Gozag.
  5562 | D:4      | Found a white marble altar of Elyvilon.
  5633 | D:4      | Killed Menkaure
  5633 | D:4      | Reached skill level 5 in Fire Magic
  5683 | D:4      | Reached XP level 7. HP: 46/46 MP: 10/15
  5689 | D:4      | Learned a level 4 spell: Sticky Flame
  5757 | D:5      | Found a basalt altar of Yredelemnul.
  5763 | D:5      | Noticed a sky beast
  5770 | D:5      | Killed a sky beast
  6165 | D:5      | Noticed a hungry ghost
  6172 | D:5      | Killed a hungry ghost
  6797 | D:6      | Noticed a cyan ugly thing
  6811 | D:6      | HP: 1/46 [white ugly thing (10)]
  6811 | D:6      | Mangled by an orc priest

Action                   |  1- 3 |  4- 6 |  7- 9 || total
-------------------------+-------+-------+-------++-------
Melee: Unarmed           |     9 |       |       ||     9
       Mace              |     6 |       |       ||     6
       Quarterstaff      |     4 |    30 |    22 ||    56
 Fire: Blowgun           |       |       |     2 ||     2
 Cast: Flame Tongue      |    84 |   123 |    48 ||   255
       Conjure Flame     |       |     2 |     6 ||     8
       Inner Flame       |       |     1 |     3 ||     4
       Throw Flame       |       |     1 |       ||     1
       Sticky Flame      |       |       |     2 ||     2
